 Dungeon Crawl Stone Soup version 0.20-a0-454-g2b43fbb (webtiles) character file.

69 inpent the Chopper (level 4, 0/41 HPs)
             Began as a Hill Orc Berserker on Jan 9, 2017.
             Was a Believer of Trog.
             Succumbed to an adder's poison
             ... on level 3 of the Dungeon.
             The game lasted 00:06:56 (1146 turns).

inpent the Chopper (Hill Orc Berserker)             Turns: 1146, Time: 00:06:57

Health: 0/41       AC:  5    Str: 20    XL:     4   Next: 20%
Magic:  4/4        EV:  8    Int:  7    God:    Trog [**....]
Gold:   89         SH:  7    Dex: 10    Spells: 3/3 levels left

rFire  . . .     SeeInvis .     a - +0 hand axe
rCold  . . .     Gourm    .     h - +0 ring mail
rNeg   . . .     Faith    .     o - +0 shield
rPois  .         Spirit   .     (no helmet)
rElec  .         Reflect  .     (no cloak)
rCorr  .         Harm     .     (no gloves)
MR     .....                    (no boots)
Stlth  ..........               (no amulet)
                                (no ring)
                                (no ring)

@: lethally poisoned (0 -> -6)
A: no striking features
a: Berserk, Trog's Hand, Burn Spellbooks, Renounce Religion


You were on level 3 of the Dungeon.
You worshipped Trog.
Trog was pleased with you.
You were hungry.

You visited 1 branch of the dungeon, and saw 3 of its levels.

You collected 89 gold pieces.

Inventory:

Hand Weapons
 a - a +0 hand axe (weapon)
 e - a +0 dagger
 i - a +0 club
 k - a +0 whip
 l - a +0 dagger
 m - a +0 club
Armour
 b - a +0 animal skin
 h - a +0 ring mail (worn)
 o - a +0 shield (worn)
Scrolls
 d - 2 scrolls of remove curse {unknown}
 j - a scroll of random uselessness {unknown}
 n - a scroll of amnesia {unknown}
 q - a scroll of identify {unknown}
 s - a scroll of teleportation {unknown}
Potions
 f - a potion of berserk rage {unknown}
 p - a potion of ambrosia {unknown}
 r - a potion of heal wounds {unknown}
Comestibles
 c - a bread ration


   Skills:
 + Level 4.6 Fighting
 + Level 4.9 Axes
 + Level 2.4 Armour
 + Level 2.1 Dodging
 + Level 0.4 Shields


You had 3 spell levels left.
You didn't know any spells.

Dungeon Overview and Level Annotations

Branches:
Dungeon (3/15)

Altars:
Qazlal


Message History

You hit the adder but do no damage.
The adder is lightly wounded.
* * * LOW HITPOINT WARNING * * *
You feel sick. The adder barely misses you.
You hit the adder.
The adder is heavily wounded.
The adder closely misses you. The adder bites you.
* * * LOW HITPOINT WARNING * * *
You closely miss the adder.
The adder is heavily wounded.
* * * LOW HITPOINT WARNING * * *
You feel sick. The adder completely misses you.
You closely miss the adder.
The adder is heavily wounded.
* * * LOW HITPOINT WARNING * * *
You feel sick. The adder bites you but does no damage.
The adder barely misses you.
You hit the adder.
The adder is severely wounded.
You die...

### ##.###
#.... ... # #.#
.####
###.##.....
#.......#
#####..@....###
#......S.......
#.###.......###
#........#
###.###..# #.#
..# #.# .# #..
. ###


You could see an adder.

Vanquished Creatures
  3 adders (D:2)
  2 dart slugs (D:1)
  A leopard gecko (D:1)
  2 bats (D:1)
  2 giant cockroaches (D:2)
  4 goblins
  8 hobgoblins
  4 jackals (D:2)
  A kobold (D:1)
  4 frilled lizards
  3 rats
34 creatures vanquished.

Notes
Turn   | Place    | Note
-------+----------+-------------------------------------------
     0 | D:1      | inpent the Hill Orc Berserker began the quest for the Orb.
     0 | D:1      | Reached XP level 1. HP: 19/19 MP: 1/1
   157 | D:2      | Noticed a water elemental
   279 | D:1      | Reached XP level 2. HP: 26/27 MP: 2/2
   585 | D:1      | Reached XP level 3. HP: 30/34 MP: 3/3
   628 | D:1      | Reached ** piety under Trog
   777 | D:2      | Noticed an air elemental
   809 | D:2      | Found a stormy altar of Qazlal.
   816 | D:2      | Noticed an earth elemental
   816 | D:2      | Noticed a fire elemental
   968 | D:2      | Reached XP level 4. HP: 27/41 MP: 4/4
  1004 | D:2      | HP: 2/41 [poisoned by an adder]
  1144 | D:3      | HP: 2/41 [poisoned by an adder]
  1146 | D:3      | Succumbed to an adder's poison

Vault maps used:
D:1:      matt_arrival_los_fun, serial_glass, glass_columns_a, glass_columns_b
D:2:      nicolae_qazlal_style_of_elements, uniq_terence
D:3:      nicolae_tso_carved_into_rock, lemuel_coloured_pillars_altar,
          wad_floor_pattern_1, nicolae_dithmenos_shadow_blocks

Skill      XL: |  1  2  3 |
---------------+----------+-----
Fighting       | 4 |  4.6
Dodging        | 2 |  2.1
Axes           | |  4.9
Armour         | |  2.4
Shields        | |  0.4

Action                   |  1- 3 |  4- 6 || total
-------------------------+-------+-------++-------
Melee: Hand axe          |    97 |    23 ||   120
Armor: Ring mail         |    55 |     6 ||    61
Dodge: Dodged            |    62 |    17 ||    79
Block: Shield            |    21 |    12 ||    33
